 Dungeon Crawl Stone Soup version 0.29.1-15-g9cfb28693d (webtiles) character file.

Game seed: 7019431375615438557

850 Anandil the Shooter (level 7, -5/55 HPs)
             Began as a Demonspawn Hunter on Apr 3, 2023.
             Was an Initiate of Ru.
             Slain by a water moccasin (8 damage)
             ... on level 5 of the Dungeon.
             The game lasted 00:07:09 (5240 turns).

Anandil the Shooter (Demonspawn Hunter)             Turns: 5240, Time: 00:07:10

Health: -5/55      AC:  7    Str: 11    XL:     7   Next: 69%
Magic:  7/7        EV: 12    Int: 11    God:    Ru [......]
Gold:   207        SH:  0    Dex: 18    Spells: 6/6 levels left

rFire   . . .      SeeInvis .   a - +0 shortbow
rCold   . . .      Faith    .   (shield currently unavailable)
rNeg    + . .      Spirit   .   n - +0 ring mail
rPois   .          Reflect  .   k - +0 helmet of Ycuniako {Slay+2}
rElec   .          Harm     .   t - scarf {repulsion}
rCorr   .          Rampage  .   (no gloves)
Will    .....                   (no boots)
Stlth   +.........              (no amulet)
HPRegen 0.18/turn               o - ring of positive energy
MPRegen 0.10/turn               (no ring)

@: repel missiles
A: powered by death 1, sharp scales 1, demonic magic 1, demonic touch 2
a: Renounce Religion


You were on level 5 of the Dungeon.
You worshipped Ru.
Ru was noncommittal.
You visited 2 branches of the dungeon, and saw 6 of its levels.

You collected 207 gold pieces.

Inventory:

Hand Weapons
 a - a +0 shortbow (weapon)
Armour
 c - a +0 leather armour
 k - the +0 helmet of Ycuniako (worn) {Slay+2}
   (You took it off Robin on level 2 of the Dungeon)

   Slay:      It affects your accuracy & damage with ranged weapons and melee
   (+2).
 n - a +0 ring mail (worn)
 p - the +6 leather armour "Ijiuchaira" {rF- Str+6 Dex+4}
   (You found it on level 3 of the Dungeon)

   Str:       It affects your strength (+6).
   Dex:       It affects your dexterity (+4).
   rF:        It makes you vulnerable to fire.
 t - a scarf of repulsion (worn)
Jewellery
 o - a ring of positive energy (left hand)
Scrolls
 b - 2 scrolls of immolation
 e - a scroll of noise
 h - 2 scrolls of fear
 i - a scroll of silence
 l - 2 scrolls of enchant weapon {unknown}
 m - a scroll of magic mapping {unknown}
 q - 2 scrolls of torment {unknown}
 r - 4 scrolls of teleportation {unknown}
 s - a scroll of fog {unknown}
Potions
 d - a potion of degeneration
 f - a potion of heal wounds
 g - a potion of cancellation {unknown}
 j - 2 potions of lignification


   Skills:
 + Level 4.9 Fighting
 + Level 5.4 Ranged Weapons
 + Level 3.1 Armour
 + Level 4.4 Dodging
 - Level 0.8 Stealth


You had 6 spell levels left.
You didn't know any spells.
Your spell library contained the following spells:

 Spells                   Type           Power      Damage    Failure   Level
 Olgreb's Toxic Radiance  Pois           0%         N/A       100%        4
 Ozocubu's Refrigeration  Ice            0%         4d7       100%        7
 Ignition                 Fire           0%         3d3       100%        8


Dungeon Overview and Level Annotations

Branches:
Dungeon (5/15)             Temple (1/1) D:4

Altars:
Fedhas
Gozag
Hepliaklqana
Kikubaaqudgha
Okawaru
Qazlal
Ru
Sif Muna
Trog
Wu Jian
Xom
Yredelemnul

Shops:
D:2 (

Annotations:
D:2 1 runed translucent door, Crazy Yiuf


Innate Abilities, Weirdness & Mutations

You regenerate a little health from kills.
You are partially covered in razor-sharp scales. (AC +1, Slay +1)
Spells you cast may paralyse adjacent enemies.
Your touch may inflict irresistible damage on your foes.


Message History

Press: ? - help, Q - select action Shift-Dir - straight line, f/p - water moccasin
Aim: a water moccasin (moderately wounded, 54% to hit)
You shoot an arrow. The arrow hits the quokka!
You kill the quokka!
You feel sick. The water moccasin bites you.
Fire: a) +0 shortbow
Press: ? - help, Q - select action Shift-Dir - straight line, f/p - water moccasin
Aim: a water moccasin (moderately wounded, 54% to hit)
You shoot an arrow. The arrow hits the water moccasin.
The water moccasin is heavily wounded.
You feel sick. The water moccasin barely misses you.
The water moccasin bites you.
* * * LOW HITPOINT WARNING * * *
Fire: a) +0 shortbow
Press: ? - help, Q - select action Shift-Dir - straight line, f/p - water moccasin
Aim: a water moccasin (heavily wounded, 54% to hit)
You shoot an arrow.
The arrow closely misses the water moccasin.
You feel sick. The water moccasin closely misses you.
The water moccasin bites you.
* * * LOW HITPOINT WARNING * * *
Fire: a) +0 shortbow
Press: ? - help, Q - select action Shift-Dir - straight line, f/p - water moccasin
Aim: a water moccasin (heavily wounded, 54% to hit)
You shoot an arrow.
The arrow hits the water moccasin but does no damage.
The water moccasin is heavily wounded.
You feel sick.
You are no longer poisoned.
The water moccasin closely misses you. The water moccasin bites you.
* * * LOW HITPOINT WARNING * * *
Fire: a) +0 shortbow
Press: ? - help, Q - select action Shift-Dir - straight line, f/p - water moccasin
Aim: a water moccasin (heavily wounded, 54% to hit)
You shoot an arrow. The arrow hits the water moccasin.
The water moccasin is severely wounded.
The water moccasin bites you.
* * * LOW HITPOINT WARNING * * *
The water moccasin bites you!
You die...

.(....##..###......(........
.........## #........#......
.........# #...............
......#### #..<............
.. .. #............... .
#.........###..# .
#.........# . #...#.###.## #
..###@##..# ..# #S#..## ###
#...## ##...# #....# #.#..#
#.#?.# #....# #..#.#


You could see a water moccasin.

Vanquished Creatures
  A black bear (D:5)
  An ice beast (D:4)
  A scorpion (D:4)
  A bullfrog (D:4)
  A howler monkey (D:5)
  A hound (D:5)
  4 orc priests
  A gnoll bouda (D:4)
  Jessica (D:2)
  2 iguanas (D:4)
  An orc wizard (D:4)
  Robin (D:2)
  4 adders
  7 gnolls
  A white imp (D:5)
  2 ufetubi
  12 orcs
  3 ball pythons
  9 bats
  5 endoplasms
  3 giant cockroaches
  7 hobgoblins
  5 kobolds
  7 quokkas
  4 frilled lizards
  16 goblins
  5 rats
106 creatures vanquished.

Notes
Turn   | Place    | Note
-------+----------+-------------------------------------------
     0 | D:1      | Anandil the Demonspawn Hunter began the quest for the Orb.
     0 | D:1      | Reached XP level 1. HP: 16/16 MP: 1/1
   311 | D:1      | Gained mutation: Your touch may inflict minor irresistible
                  | damage on your foes. [demonic ancestry]
   311 | D:1      | Reached XP level 2. HP: 22/22 MP: 2/2
   522 | D:1      | Noticed a shining eye
   525 | D:1      | Found a faded altar of an unknown god.
   528 | D:1      | Noticed a shining eye
   528 | D:1      | Noticed a golden eye
   528 | D:1      | Noticed a golden eye
   896 | D:2      | Found a shimmering blue altar of Sif Muna.
   939 | D:2      | Gained mutation: You regenerate a little health from kills.
                  | [demonic ancestry]
   939 | D:2      | Reached XP level 3. HP: 28/28 MP: 3/3
  1071 | D:2      | Noticed Jessica
  1088 | D:2      | Killed Jessica
  1089 | D:2      | Reached skill level 4 in Ranged Weapons
  1500 | D:2      | Found Aczaaly's Weapon Shoppe.
  1519 | D:2      | Identified the +0 helmet of Ycuniako {Slay+2}
  1519 | D:2      | Noticed Robin
  1522 | D:2      | Reached XP level 4. HP: 35/35 MP: 4/4
  1528 | D:2      | Killed Robin
  1663 | D:2      | Found a runed translucent door.
  1664 | D:2      | Noticed Crazy Yiuf
  2075 | D:2      | Gained mutation: You are partially covered in razor-sharp
                  | scales. (AC +1, Slay +1) [demonic ancestry]
  2075 | D:2      | Reached XP level 5. HP: 36/41 MP: 5/5
  2084 | D:2      | Reached skill level 1 in Armour
  2448 | D:3      | Identified the +6 leather armour "Ijiuchaira" {rF- Str+6
                  | Dex+4}
  2779 | D:3      | Found a bloodstained altar of Trog.
  3354 | D:3      | Gained mutation: Spells you cast may paralyse adjacent
                  | enemies. [demonic ancestry]
  3354 | D:3      | Reached XP level 6. HP: 48/48 MP: 6/6
  3852 | D:4      | Found an ornate altar of the Wu Jian Council.
  3925 | D:4      | Reached skill level 5 in Ranged Weapons
  3966 | D:4      | Gained mutation: Your touch may inflict irresistible damage
                  | on your foes. [demonic ancestry]
  3966 | D:4      | Reached XP level 7. HP: 21/54 MP: 7/7
  4358 | D:4      | Found a staircase to the Ecumenical Temple.
  4412 | Temple   | Entered the Ecumenical Temple
  4423 | Temple   | Became a worshipper of Ru the Awakened
  4933 | D:5      | Entered Level 5 of the Dungeon
  5240 | D:5      | Slain by a water moccasin

Illustrated notes

Levels and vault maps discovered:
D:1:      elethiomel_arrival_maze, layout_basic,
          hellmonk_ecumenical_altar_watching_god
D:2:      minmay_chambers_of_ones, layout_loops_ring, serial_shops, shop_statue,
          basic_altar, uniq_crazy_yiuf_cottage, uniq_robin, uniq_jessica
D:3:      layout_basic, trog_three_pillars_becter
D:4:      cheibrodos_helix_gallery, layout_loops_ring, marbit_many_paths,
          lemuel_doored_altar, minmay_temple_entry_butterflies, glass_columns_b
D:5:      black_bear_nest_2, layout_rooms, chequers_temple_overflow_minitemple
Temple:   nicolae_temple_ecumenical_triangle

Skill      XL: |  1  2  3  4  5  6  7 |
---------------+----------------------+-----
Dodging        | 2 3 4 |  4.4
Ranged Weapons | 4 5 |  5.4
Fighting       | 3 4 |  4.9
Armour         | 1 2 3 |  3.1
Stealth        | |  0.8

Action                   |  1- 3 |  4- 6 |  7- 9 || total
-------------------------+-------+-------+-------++-------
 Fire: Shortbow          |   103 |   178 |    76 ||   357
  Use: Scroll            |       |       |     6 ||     6
       Potion            |       |       |     1 ||     1
Armor: Leather armour    |    14 |    12 |       ||    26
       Ring mail         |       |    24 |    22 ||    46
Dodge: Dodged            |    27 |    80 |    47 ||   154
